 Dungeon Crawl Stone Soup version 0.31.0-2-g5a2aebc5c2 (webtiles) character file.

Game seed: 13307396518899068977

791 dialectric the Covert (level 7, -3/49 HPs)
             Began as an Octopode Delver on Jan 20, 2024.
             Was a Follower of Uskayaw.
             Slain by an ogre
             ... wielding a +0 giant club
              (25 damage)
             ... on level 4 of the Dungeon.
             The game lasted 00:04:51 (3603 turns).

dialectric the Covert (Octopode Delver)             Turns: 3603, Time: 00:04:52

Health: -3/49      AC:  5    Str: 12    XL:     7   Next: 88%
Magic:  7/7        EV: 14    Int: 12    God:    Uskayaw [*.....]
Gold:   297        SH:  0    Dex: 15    Spells: 6/6 levels left

rFire   . . .        o - +0 rapier
rCold   . . .        (no shield)
rNeg    . . .        (helmet restricted)
rPois   .            (no amulet)
rElec   .            j - ring of resist corrosion
rCorr   +            u - +4 ring of protection
SInv    .            (no ring)
Will    .....        (no ring)
Stlth   ++++++       (no ring)
HPRegen 0.28/turn    (no ring)
MPRegen 0.10/turn    (no ring)
                     (no ring)

%: no passive effects
@: hasted, very quick
A: almost no armour, amphibious, 8 rings, camouflage 1, gelatinous body 1,
(nimble swimmer 1), tentacles
a: Renounce Religion, Stomp


You were on level 4 of the Dungeon.
You worshipped Uskayaw.
Uskayaw was noncommittal.
You visited 2 branches of the dungeon, and saw 6 of its levels.

You collected 297 gold pieces.

Inventory:

Hand Weapons
 a - a +0 short sword
 o - a +0 rapier (weapon)
Missiles
 d - 2 throwing nets
 v - 4 javelins (quivered)
Jewellery
 j - a ring of resist corrosion (left tentacle)
 u - a +4 ring of protection (right tentacle)
 w - the ring of Dushromyl {rF+ rN+ Stlth+}
   (You took it off an orc on level 4 of the Dungeon)

   [ring of protection from fire]

   rF+:       It protects you from fire.
   rN+:       It protects you from negative energy.
   Stlth+:    It makes you more stealthy.
Talismans
 m - a flux talisman
Wands
 f - a wand of digging (3)
 g - a wand of flame (3)
 i - a wand of iceblast (6)
Scrolls
 b - 4 scrolls of fog
 c - a scroll of revelation
 h - 4 scrolls of identify {unknown}
 k - 2 scrolls of teleportation {unknown}
 l - 2 scrolls of amnesia {unknown}
 q - a scroll of enchant armour {unknown}
 t - a scroll of blinking {unknown}
Potions
 e - a potion of haste
 n - 2 potions of curing
 p - a potion of degeneration {unknown}
 r - 2 potions of resistance {unknown}
 s - 2 potions of mutation {unknown}


   Skills:
 * Level 4.9 Fighting
 + Level 4.5 Short Blades
 + Level 3.2 Dodging
 + Level 10.4 Stealth


You had 6 spell levels left.
You didn't know any spells.
Your spell library contained the following spells:

 Spells                   Type           Power      Damage    Failure   Level
 Summon Ice Beast         Ice/Summ       0%         N/A       69%         3
 Summon Mana Viper        Hex/Summ       0%         N/A       100%        5
 Monstrous Menagerie      Summ           0%         N/A       100%        7


Dungeon Overview and Level Annotations

Branches:
Dungeon (5/15)             Temple (1/1) D:5

Altars:
Cheibriados
Elyvilon
Fedhas
Hepliaklqana
Kikubaaqudgha
Nemelex Xobeh
Qazlal
Ru
Trog
Uskayaw
Vehumet
Wu Jian
Xom
Zin
The Shining One


Innate Abilities, Weirdness & Mutations

You cannot wear most types of armour.
You are amphibious.
You can wear up to eight rings at the same time.
Your skin changes colour to match your surroundings (Stealth+).
Your rubbery body absorbs attacks. (AC +1, EV +1)
((You are camouflaged when in or above water. (Stealth+)))
You have tentacles for arms and can constrict up to eight enemies at once.


Message History

You grab the giant cockroach. You squeeze the giant cockroach.
You kill the giant cockroach!
HP restored.
w - the ring of Dushromyl {rF+ rN+ Stlth+}
Things that are here:
a +0 war axe; a +2 ring mail of cold resistance No target in view!
No target in view!
Okay, then.
Unknown command.
You see here a giant cockroach corpse.
Found a ring mail.
No target in view!
You see here a +0 ring mail.
There is an open door here.
An ogre comes into view. It is wielding a +0 giant club.
An ogre is nearby!
An ogre is nearby!
You barely miss the ogre.
The ogre shouts!
The ogre hits you with a +0 giant club!
You hit the ogre.
The ogre is lightly wounded.
The ogre closely misses you.
You barely miss the ogre. You squeeze the ogre.
The ogre is moderately wounded.
You hit the ogre. You tentacle-slap the ogre.
The ogre is heavily wounded.
The ogre hits you with a +0 giant club!
You are too injured to fight recklessly!
You are too injured to fight recklessly!
You are too injured to fight recklessly!
You are too injured to fight recklessly!
Unknown command.
Okay, then.
Okay, then.
You feel yourself speed up.
The ogre hits you with a +0 giant club!!
Ouch! That really hurt!
You die...

......#
#...............'[...#
)...###
#.#.#.#.#.#.#...###...#
..).# #.............###
#.#..# ....#
##...⌠.....⌠...#####.##..
....#
#...[..)_[...........####
....#
#....⌠.....⌠...#######...
....# #..............#
#.## o...#
#..#.#.#O#.#.#.# #.#
....# #.......@.....$#
#.# ....#
#........#.#.### #.#
##... ..[........#.# #.#
##.#########.# #.# #. ..#
#.# ### #.# #.# #.# #.#


You could see an ogre.

Vanquished Creatures
  A black bear (D:5)
  A gnoll sergeant (D:5)
  A scorpion (D:4)
  2 howler monkeys
  A jelly (D:4)
  A bombardier beetle (D:5)
  A gnoll bouda (D:5)
  An orc priest (D:3)
  A sleepcap (D:5)
  Ijyb (D:4)
  An iguana (D:4)
  2 orc wizards
  7 gnolls
  5 adders
  2 dart slugs
  A ribbon worm (D:2)
  19 orcs
  13 endoplasms
  A giant cockroach (D:4)
  5 goblins
  2 hobgoblins (D:1)
  13 jackals
  6 kobolds
  3 quokkas
  12 ball pythons
  7 bats
  A frilled lizard (D:3)
  7 rats
118 creatures vanquished.

Notes
Turn   | Place    | Note
-------+----------+-------------------------------------------
     0 | D:5      | dialectric the Octopode Delver began the quest for the Orb.
     0 | D:5      | Reached XP level 1. HP: 16/16 MP: 1/1
    59 | D:5      | Noticed a gnoll sergeant
    62 | D:5      | Reached skill level 7 in Stealth
    62 | D:5      | Reached XP level 2. HP: 21/21 MP: 2/2
    85 | D:4      | Noticed Ijyb
    89 | D:4      | Killed Ijyb
    90 | D:4      | Reached XP level 3. HP: 26/26 MP: 3/3
   117 | D:4      | Found an ancient bone altar of Kikubaaqudgha.
   244 | D:4      | Reached skill level 8 in Stealth
   244 | D:4      | Reached XP level 4. HP: 31/31 MP: 4/4
   394 | D:4      | Reached XP level 5. HP: 11/36 MP: 5/5
   753 | D:3      | Reached skill level 9 in Stealth
  1555 | D:2      | Found a faded altar of an unknown god.
  1595 | D:2      | Reached XP level 6. HP: 39/43 MP: 6/6
  1853 | D:2      | Prayed at the altar of an unknown god.
  1853 | D:2      | Became a worshipper of Uskayaw the Reveller
  1853 | D:2      | Reached * piety under Uskayaw
  2133 | D:1      | Reached ** piety under Uskayaw
  2672 | D:4      | Found a white marble altar of Elyvilon.
  2747 | D:5      | Noticed a black bear
  2771 | D:5      | Reached *** piety under Uskayaw
  2772 | D:5      | Killed a black bear
  2772 | D:5      | Reached **** piety under Uskayaw
  2773 | D:5      | Reached skill level 10 in Stealth
  2773 | D:5      | Reached XP level 7. HP: 19/48 MP: 7/7
  2928 | D:5      | Found a staircase to the Ecumenical Temple.
  2956 | Temple   | Entered the Ecumenical Temple
  3141 | D:5      | Found a glowing silver altar of Zin.
  3476 | D:4      | Identified the ring of Dushromyl {rF+ rN+ Stlth+}
  3603 | D:4      | Slain by an ogre

Illustrated notes

Levels and vault maps discovered:
D:1:      dpeg_arrival_chambers_temple_mockup, layout_rooms,
          chequers_serial_rivers_small_a, minmay_tree_intersection,
          serial_bayou_pond_b
D:2:      layout_basic, shapermc_ecumenical_altar_acropolis, minmay_pentomino_r4
D:3:      layout_rooms, chequers_serial_rivers_small_b
D:4:      layout_basic, elyvilon_altar_5, amcnicky_altar_gilded, uniq_ijyb
D:5:      layout_loops_ring, mainiacjoe_overflow_tiny_flanked,
          minmay_temple_entry_gardened_gates
Temple:   grunt_temple_mini_profane

Skill      XL: |  1  2  3  4  5  6  7 |
---------------+----------------------+-----
Stealth        | 7 8 9 10 | 10.4
Short Blades   | 3 4 |  4.5
Fighting       | 4 |  4.9
Dodging        | 3 |  3.2

Action                     |  1- 3 |  4- 6 |  7- 9 || total
---------------------------+-------+-------+-------++-------
  Melee: Short sword       |     8 |    30 |       ||    38
         Constrict         |     3 |    27 |    24 ||    54
         Tentacles         |     2 |    35 |    29 ||    66
         Punch             |       |     1 |     3 ||     4
         Rapier            |       |   133 |    84 ||   217
    Use: Potion            |       |       |     3 ||     3
         Scroll            |       |       |     1 ||     1
   Stab: Sleeping          |     3 |    36 |       ||    39
         Paralysed         |       |     1 |     2 ||     3
 Armour: Skin              |     2 |    71 |    56 ||   129
  Dodge: Dodged            |     2 |    88 |    60 ||   150
